 Dungeon Crawl Stone Soup version 0.30-a0-800-g7c544603b3 (webtiles) character file.

Game seed: 12998466423360539621

8 domi the Conjurer (level 2, 19/19 HPs)
             Began as a Demonspawn Conjurer on Feb 22, 2023.
             Got out of the dungeon alive.
             The game lasted 00:00:38 (345 turns).

domi the Conjurer (Demonspawn Conjurer)              Turns: 345, Time: 00:00:38

Health: 19/19      AC:  2    Str:  7    XL:     2   Next: 0%
Magic:  5/5        EV: 12    Int: 19    God:
Gold:   28         SH:  0    Dex: 11    Spells: 4/5 levels left

rFire   . . .      SeeInvis .    c - +0 dagger
rCold   . . .      Faith    .    (no shield)
rNeg    . . .      Spirit   .    a - +0 robe
rPois   .          Reflect  .    (no helmet)
rElec   .          Harm     .    (no cloak)
rCorr   .          Rampage  .    (no gloves)
Will    .....                    (no boots)
Stlth   ++                       (no amulet)
HPRegen 0.23/turn                (no ring)
MPRegen 0.09/turn                (no ring)

@: no status effects
A: demonic touch 1
a: no special abilities


You escaped.
You visited 1 branch of the dungeon, and saw 1 of its levels.

You collected 28 gold pieces.

Inventory:

Hand Weapons
 c - a +0 dagger (weapon)
   (You took it off a goblin on level 1 of the Dungeon)
Armour
 a - a +0 robe (worn)
Potions
 b - a potion of magic


   Skills:
 - Level 1.7 Dodging
 - Level 1.7 Stealth
 - Level 2.0 Spellcasting
 + Level 4.4 Conjurations


You had 4 spell levels left.
You knew the following spells:

 Your Spells              Type           Power      Damage    Failure   Level
z - Magic Dart            Conj           72%        1d6       2%          1

Your spell library contained the following spells:

 Spells                   Type           Power      Damage    Failure   Level
 Searing Ray              Conj           36%        2d5       4%          2
 Dazzling Flash           Conj/Hex       20%        N/A       21%         3
 Fulminant Prism          Conj/Hex       5%         3d6       56%         4
 Iskenderun's Mystic Bla  Conj/Tloc      10%        2d4       56%         4


Dungeon Overview and Level Annotations

Branches:
Dungeon (1/15)

Altars:

Shops:
D:1 *


Innate Abilities, Weirdness & Mutations

Your touch may inflict minor irresistible damage on your foes.


Message History

An endoplasm is nearby!
An endoplasm is nearby!
Aim: an endoplasm (asleep, 100% to hit)
The magic dart hits the endoplasm.
The endoplasm quivers.
Aim: an endoplasm (heavily wounded, 100% to hit)
The magic dart hits the endoplasm.
Aim: an endoplasm (severely wounded, 100% to hit)
The magic dart hits the endoplasm.
You kill the endoplasm!
You don't have enough magic to cast this spell.
You don't have enough magic to cast this spell.
You see here a +0 dagger.
c - a +0 dagger
c - a +0 dagger (weapon)
A goblin comes into view. It is wielding a +0 club.
A goblin is nearby!
A goblin is nearby!
A goblin is nearby!
Aim: a goblin, wielding a +0 club (asleep, 100% to hit)
The magic dart hits the goblin.
You kill the goblin!
You can't see any susceptible monsters within range! (Use Z to cast anyway.)
You can't see any susceptible monsters within range! (Use Z to cast anyway.)
Found Louqipty's Assorted Antiques.
A bat comes into view.
You see here 15 gold pieces.
A bat is nearby!
A bat is nearby!
Aim: a bat (asleep, 100% to hit)
The magic dart hits the bat.
Aim: a bat (moderately wounded, 100% to hit)
The magic dart hits the bat but does no damage.
Aim: a bat (moderately wounded, 100% to hit)
The magic dart hits the bat.
You kill the bat!
You don't have enough magic to cast this spell.
You don't have enough magic to cast this spell.
You don't have enough magic to cast this spell.
You now have 15 gold pieces.
Found a stone staircase leading down.
A frilled lizard comes into view.
The frilled lizard hisses angrily.
There is an entrance to Louqipty's Assorted Antiques here.
A frilled lizard is nearby!
A frilled lizard is nearby!
A frilled lizard is nearby!
Aim: a frilled lizard (100% to hit)
The magic dart hits the frilled lizard.
You kill the frilled lizard!
You can't see any susceptible monsters within range! (Use Z to cast anyway.)
You can't see any susceptible monsters within range! (Use Z to cast anyway.)
You can't see any susceptible monsters within range! (Use Z to cast anyway.)
You now have 28 gold pieces (gained 13).
A rat comes into view.
A rat is nearby!
A rat is nearby!
A rat is nearby!
A rat is nearby!
Aim: a rat (100% to hit)
The magic dart hits the rat but does no damage.
The rat bites you.
Aim: a rat (100% to hit)
The magic dart hits the rat.
The rat bites you.
Aim: a rat (moderately wounded, 100% to hit)
The magic dart hits the rat.
You kill the rat!
You have reached level 2!
You feel monstrous as your demonic heritage exerts itself.
Your demonic ancestry asserts itself...
Your hands begin to faintly glow with unholy energy.
There is a stone staircase leading down here.
Things that are here:
a +0 short sword; 5 stones The felid hisses angrily.
The tengu shouts!
There is an open door here.
The human shouts!
The spriggan shouts!
The merfolk shouts!
The vine stalker shouts!
The meteoran shouts!
The elf shouts!
The draconian roars!
The kobold shouts!
The tengu shouts!
The minotaur bellows!
The naga shouts!
The armataur shouts!
The felid hisses angrily.
There is an open door here.
There is a staircase leading out of the dungeon here.
Are you sure you want to leave the Dungeon?
This will make you lose the game!
Alright, then stay!
Are you sure you want to leave the Dungeon?
This will make you lose the game! [Y]es or [N]o only, please.
Are you sure you want to leave the Dungeon?
This will make you lose the game!
Alright, then stay!
Are you sure you want to leave the Dungeon?
This will make you lose the game! [Y]es or [N]o only, please.
Are you sure you want to leave the Dungeon?
This will make you lose the game!
You have escaped!

###.###
#H#.#N#
###.###
#H#.#M#
###.###
#h#.#V#
###'###
#...#
#.@.#
#####


There were no monsters in sight!

Vanquished Creatures
  A bat (D:1)
  An endoplasm (D:1)
  2 goblins (D:1)
  A kobold (D:1)
  A frilled lizard (D:1)
  A rat (D:1)
7 creatures vanquished.

Notes
Turn   | Place    | Note
-------+----------+-------------------------------------------
     0 | D:1      | domi the Demonspawn Conjurer began the quest for the Orb.
     0 | D:1      | Reached XP level 1. HP: 13/13 MP: 3/3
     2 | D:1      | Noticed a felid
     2 | D:1      | Noticed a vampire
     4 | D:1      | Noticed an armataur
     6 | D:1      | Noticed a minotaur
     6 | D:1      | Noticed a naga
     8 | D:1      | Noticed a tengu
    10 | D:1      | Noticed a demigod
    10 | D:1      | Noticed an ogre
    12 | D:1      | Noticed a draconian
    12 | D:1      | Noticed an octopode
    14 | D:1      | Noticed a gargoyle
    14 | D:1      | Noticed a ghoul
    16 | D:1      | Noticed an elf
    16 | D:1      | Noticed a meteoran
    18 | D:1      | Noticed a vine stalker
    20 | D:1      | Noticed a merfolk
    20 | D:1      | Noticed a spriggan
    22 | D:1      | Noticed a formicid
    22 | D:1      | Noticed a human
    24 | D:1      | Noticed a troll
    24 | D:1      | Noticed a human
    26 | D:1      | Noticed a felid
    26 | D:1      | Noticed a tengu
   170 | D:1      | Found Louqipty's Assorted Antiques.
   286 | D:1      | Discovered your monstrous ancestry.
   286 | D:1      | Gained mutation: Your touch may inflict minor irresistible
                  | damage on your foes. [demonic ancestry]
   286 | D:1      | Reached XP level 2. HP: 12/19 MP: 0/5
   345 | D:$      | Got out of the dungeon alive.

Illustrated notes

Levels and vault maps discovered:
D:1:      kb_arrival_jail, layout_loops_ring, serial_shops,
          nicolae_shop_advertising_works [nicolae_subvault_shop_adworks]

Action                     || total
---------------------------++-------
   Cast: Magic Dart        ||    15
 Armour: Robe              ||     1

Table legend: (Time is in decaauts)
 A = Elapsed time spent in this place.
 B = Non-inter-level travel time spent in this place.
 C = Inter-level travel time spent in this place.
 D = Time resting spent in this place.
 E = Time spent auto-exploring this place.
 F = Levels seen in this place.
 G = Mean time per level.
                   A        B        C        D        E       F      G
               +--------+--------+--------+--------+--------+-----+--------+
         Total |    344 |    286 |     58 |      0 |    259 |   1 |  344.0 |
       Dungeon |    344 |    286 |     58 |      0 |    259 |   1 |  344.0 |
               +--------+--------+--------+--------+--------+-----+--------+

Top non-repeatable levels by time:
     D:1: 344 daAuts

Table legend:
 A = Kills in this place as a percentage of kills in entire the game.
 B = Kills by you in this place as a percentage of kills by you in the entire game.
 C = Kills by friends in this place as a percentage of kills by friends in the entire game.
 D = Other kills in this place as a percentage of other kills in the entire game.
 E = Experience gained in this place as a percentage of experience gained in the entire game.
 F = Experience gained in this place divided by the number of levels of this place that you have seen.
                   A       B       C       D       E      F
               +-------+-------+-------+-------+-------+----------------------
         Total | 100.0 | 100.0 |   N/A |   N/A | 100.0 |  12.0
       Dungeon | 100.0 | 100.0 |   N/A |   N/A | 100.0 |  12.0
               +-------+-------+-------+-------+-------+----------------------
